 Dungeon Sprint DCSS version 0.21-a0-274-gc1afaeb (webtiles) character file.

7676 Kidiri the Eclecticist (level 10, -2/61 HPs)
             Began as a Deep Elf Fire Elementalist on Sept 18, 2017.
             Was the Champion of Vehumet.
             Slain by Urug
             ... wielding a +3 demon trident of flaming
              (23 damage)
             ... in the Dungeon (Sprint III: "The Ten Rune Challenge").
             The game lasted 00:14:28 (2880 turns).

Kidiri the Eclecticist (Deep Elf Fire Elementalist) Turns: 2880, Time: 00:14:29

Health: -2/61      AC:  3    Str:  5    XL:     10   Next: 99%
Magic:  8/32       EV: 18    Int: 24    God:    Vehumet [******]
Gold:   22         SH:  0    Dex: 15    Spells: 0/42 levels left

rFire    . . .     SeeInvis .   j - +0 dagger
rCold    . . .     Gourm    .   (no shield)
rNeg     . . .     Faith    .   l - +0 leather armour
rPois    .         Spirit   .   (helmet restricted)
rElec    .         Reflect  .   k - scarf {cloud immunity}
rCorr    .         Harm     .   (no gloves)
MR       +....     NoTele   +   (no boots)
Stlth    ++........             (no amulet)
HPRegen  0.20/turn              (no ring)
MPRegen  0.23/turn              (no ring)

@: very slightly contaminated
A: horns 1, talons 1, evolution 1, subdued magic 1, sturdy frame 1
a: Renounce Religion


You were in the Dungeon.
You worshipped Vehumet.
Vehumet was exalted by your worship.
You were not hungry.

You visited 1 branch You collected 22 gold pieces.

Inventory:

Hand Weapons
 j - a +0 dagger (weapon)
Armour
 k - a scarf of cloud immunity (worn)
 l - a +0 leather armour (worn)
Wands
 r - a wand of lightning (6/15)
Scrolls
 i - a scroll of blinking
 m - a scroll of immolation
 o - 3 scrolls of remove curse
 q - a scroll of torment {unknown}
Potions
 d - a potion of curing
 f - a potion of haste
 g - a potion of magic
 h - a potion of berserk rage
 p - a potion of flight
 s - 2 potions of mutation
Books
 e - a book of Burglary

   Spells                             Type                      Level
   a - Swiftness                      Charms/Air                   2
   b - Passwall                       Transmutation/Earth          2
   c - Passage of Golubria            Translocation                4
   d - Lee's Rapid Deconstruction     Earth                        5
   e - Darkness                       Hexes                        6
   f - Invisibility                   Hexes                        6
Comestibles
 b - 14 royal jellies
 c - 3 bread rations


   Skills:
 + Level 6.5 Fighting
 + Level 7.9 Short Blades
 + Level 6.7 Armour
 + Level 10.0 Dodging
 - Level 2.4 Stealth
 * Level 16.9 Spellcasting
 + Level 10.7 Conjurations
 + Level 11.2 Fire Magic
 + Level 3.1 Ice Magic
 + Level 1.3 Air Magic
 + Level 8.9 Earth Magic
 + Level 4.7 Poison Magic


You couldn't memorise any spells.
You knew the following spells:

 Your Spells              Type           Power        Failure   Level  Hunger
a - Flame Tongue          Conj/Fire      #####        0%          1    None
b - Throw Flame           Conj/Fire      ######       0%          2    None
c - Conjure Flame         Conj/Fire      ######..     1%          3    None
d - Inner Flame           Hex/Fire       #####...     1%          3    None
e - Ignite Poison         Fire/Tmut/Pois #####...     1%          3    None
f - Sticky Flame          Conj/Fire      ######..     1%          4    None
g - Fireball              Conj/Fire      ######....   1%          5    None
h - Bolt of Cold          Conj/Ice       #####.....   6%          6    ####...
i - Freezing Cloud        Conj/Ice/Air   ####......   13%         6    ####...
j - Lee's Rapid Deconstr  Erth           #####.....   1%          5    None
k - Passage of Golubria   Tloc           N/A          24%         4    None


Dungeon Overview and Level Annotations

Branches:
Dungeon (1/1)

Altars:
Cheibriados
Dithmenos
Elyvilon
Fedhas
Gozag
Hepliaklqana
Kikubaaqudgha
Makhleb
Nemelex Xobeh
Okawaru
Qazlal
Ru
Sif Muna
Trog
Uskayaw
Vehumet
Wu Jian
Xom
Yredelemnul
Zin
The Shining One
Beogh
Jiyva
Lugonu

Annotations:
D exclusion: 2 doors, Urug


Innate Abilities, Weirdness & Mutations

You have a pair of small horns on your head.
You have sharp toenails.
You evolve.
Your spells are a little easier to cast, but a little less powerful.
Your movements are slightly less encumbered by armour. (ER -2)


Message History

Press: ? - help, Shift-Dir - straight line, f/p - Urug
Aim: Urug, wielding a demon trident of flaming and wearing a shiny scale mail (severely wounded)
The sticky flame hits Urug.
Urug is almost dead.
Urug is covered in liquid flames!
Urug burns!
Urug barely misses you.
Unknown command.
Casting: Sticky Flame
Confirm with . or Enter, or press ? or * to list all spells.
Okay, then.
Unknown command.
Casting: Sticky Flame
Confirm with . or Enter, or press ? or * to list all spells.
Aiming: Flame Tongue
Press: ? - help, Shift-Dir - straight line, f/p - Urug
Aim: Urug, wielding a demon trident of flaming and wearing a shiny scale mail (almost dead, covered in liquid flames)
The flame tongue hits Urug.
Urug appears unharmed.
Urug is almost dead.
Urug burns!
Urug hits you with a demon trident of flaming!!
You die...

▓▓▓▓▓▓▓▓▓▓▓▓▓▓▓▓▓▓▓▓▓▓▓▓▓▓▓▓▓▓▓▓▓
≈≈ ,, ♣♣≈≈≈........≈≈≈...
+♣♣'♣≈≈≈≈≈≈≈≈≈≈≈≈♣♣P. ≈
#.≈♣♣♣♣♣♣♣♣♣♣♣♣♣♣♣♣PP #..♣♣ ♣♣♣ ≈
###'♣♣♣♣♣ * ♣♣♣♣%##..##
♣...##o##.# ♣♣.##@##.##
♣..#(##...# ♣♣.##.##.o# ♣♣.##.#
### ♣.....# #######


You could see Urug (burning).

Vanquished Creatures
  Erica (D)
  A centaur warrior (D)
  An unseen horror (D)
  A lindwurm (D)
  A deep elf mage (D)
  2 spiny frogs (D)
  A komodo dragon (D)
  3 wandering mushrooms (D)
  A queen bee (D)
  2 tyrant leeches (D)
  3 redbacks (D)
  A shadow (D)
  A spatial vortex (D)
  A necrophage (D)
  2 centaurs (D)
  An earth elemental (D)
  A water elemental (D)
  A scorpion (D)
  32 killer bees (D)
  A jelly (D)
  Jessica (D)
  A necromancer (D)
  A wizard (D)
  3 humans (D)
  A kobold demonologist (D)
  An ooze (D)
  2 rats (D)
68 creatures vanquished.

Vanquished Creatures (others)
  2 draconian scorchers (D)
  6 hellions (D)
  2 yaktaurs (D)
  An electric eel (D)
11 creatures vanquished.

Grand Total: 79 creatures vanquished

Notes
Turn   | Place    | Note
-------+----------+-------------------------------------------
     0 | D        | Kidiri the Deep Elf Fire Elementalist began the quest for the Orb.
     0 | D        | Reached XP level 1. HP: 10/10 MP: 6/6
     3 | D        | Reached skill level 4 in Spellcasting
    31 | D        | Killed a yaktaur
    44 | D        | Noticed Jessica
    46 | D        | Killed Jessica
    46 | D        | Reached skill level 6 in Spellcasting
    46 | D        | Reached XP level 2. HP: 15/15 MP: 5/11
    46 | D        | Reached XP level 3. HP: 19/19 MP: 5/13
    50 | D        | Learned a level 2 spell: Throw Flame
    62 | D        | Learned a level 3 spell: Conjure Flame
    66 | D        | Learned a level 3 spell: Inner Flame
    86 | D        | Killed a hellion
    87 | D        | Killed a hellion
    90 | D        | Killed a hellion
   119 | D        | Killed a hellion
   124 | D        | Killed a hellion
   126 | D        | Killed a hellion
   138 | D        | Noticed a scorpion
   144 | D        | Killed a scorpion
   144 | D        | Reached skill level 8 in Spellcasting
   144 | D        | Reached skill level 5 in Fire Magic
   144 | D        | Reached XP level 4. HP: 24/24 MP: 8/16
   147 | D        | Killed a white draconian scorcher
   150 | D        | Learned a level 4 spell: Sticky Flame
   171 | D        | Gained mutation: You passively map a small area around you. [potion of mutation]
   171 | D        | Gained mutation: You have sharp toenails. [potion of mutation]
   192 | D        | Killed a white draconian scorcher
   278 | D        | Lost mutation: You have sharp toenails. [potion of mutation]
   278 | D        | Lost mutation: You passively map a small area around you. [potion of mutation]
   278 | D        | Gained mutation: Your movements are slightly less encumbered by armour. (ER -2) [potion of mutation]
   278 | D        | Gained mutation: Scrolls take you a little longer to read. [potion of mutation]
   278 | D        | Gained mutation: You have large cloven feet. [potion of mutation]
   279 | D        | Lost mutation: You have large cloven feet. [potion of mutation]
   279 | D        | Lost mutation: Scrolls take you a little longer to read. [potion of mutation]
   279 | D        | Gained mutation: You evolve. [potion of mutation]
   279 | D        | Gained mutation: You have a pair of small horns on your head. [potion of mutation]
   285 | D        | Noticed a water elemental
   290 | D        | Killed a water elemental
   290 | D        | Reached skill level 10 in Spellcasting
   290 | D        | Reached skill level 5 in Conjurations
   290 | D        | Reached XP level 5. HP: 23/28 MP: 10/19
   297 | D        | Learned a level 5 spell: Fireball
   345 | D        | Found a radiant altar of Vehumet.
   346 | D        | Found a deep blue altar of Sif Muna.
   346 | D        | Found an ancient bone altar of Kikubaaqudgha.
   364 | D        | Became a worshipper of Vehumet
   371 | D        | Learned a level 5 spell: Lee's Rapid Deconstruction
   423 | D        | Found a glowing silver altar of Zin.
   424 | D        | Found a glowing golden altar of the Shining One.
   424 | D        | Found a white marble altar of Elyvilon.
   424 | D        | Noticed a deep elf mage
   431 | D        | Killed a deep elf mage
   431 | D        | Reached skill level 12 in Spellcasting
   431 | D        | Reached XP level 6. HP: 25/36 MP: 17/23
   431 | D        | Reached XP level 7. HP: 28/40 MP: 17/24
   437 | D        | Learned a level 4 spell: Passage of Golubria
   524 | D        | Found an ornate altar of the Wu Jian Council.
   524 | D        | Found a roughly hewn altar of Beogh.
   524 | D        | Found an iron altar of Okawaru.
   524 | D        | Found a bloodstained altar of Trog.
   524 | D        | Found a hide-covered altar of Uskayaw.
   524 | D        | Noticed a human
   528 | D        | Noticed a human
   537 | D        | Killed a human
   537 | D        | Killed a human
   537 | D        | Reached skill level 5 in Dodging
   537 | D        | Reached * piety under Vehumet
   537 | D        | Offered knowledge of Shock by Vehumet.
   537 | D        | Reached skill level 13 in Spellcasting
   680 | D        | Found a basalt altar of Yredelemnul.
   680 | D        | Found a shadowy altar of Dithmenos.
   680 | D        | Found a sacrificial altar of Ru.
   688 | D        | Gained mutation: You have sharp toenails. [evolution]
   778 | D        | Noticed a shadow
   779 | D        | Killed a shadow
   779 | D        | Offered knowledge of Freeze by Vehumet.
   779 | D        | Reached ** piety under Vehumet
   779 | D        | Reached XP level 8. HP: 45/45 MP: 21/27
   808 | D        | Found a blossoming altar of Fedhas.
   808 | D        | Found a stormy altar of Qazlal.
   808 | D        | Found a snail-covered altar of Cheibriados.
   808 | D        | Found a burning altar of Makhleb.
   808 | D        | Found a shimmering altar of Xom.
   809 | D        | Found a hazy altar of Hepliaklqana.
   809 | D        | Found an opulent altar of Gozag.
   809 | D        | Found a sparkling altar of Nemelex Xobeh.
   809 | D        | Found a corrupted altar of Lugonu.
   809 | D        | Found a viscous altar of Jiyva.
   829 | D        | Reached skill level 5 in Earth Magic
   915 | D        | Noticed Erica
   918 | D        | Killed Erica
   918 | D        | Reached skill level 5 in Short Blades
   918 | D        | Reached skill level 14 in Spellcasting
  1036 | D        | Offered knowledge of Searing Ray by Vehumet.
  1036 | D        | Reached *** piety under Vehumet
  1036 | D        | Reached XP level 9. HP: 50/50 MP: 13/29
  1114 | D        | Noticed a centaur warrior
  1117 | D        | Killed a centaur warrior
  1117 | D        | Reached skill level 5 in Fighting
  1117 | D        | Reached skill level 5 in Armour
  1117 | D        | Reached skill level 15 in Spellcasting
  1388 | D        | Noticed an unseen horror
  1393 | D        | Killed an unseen horror
  1393 | D        | Offered knowledge of Ignite Poison by Vehumet.
  1393 | D        | Reached **** piety under Vehumet
  1393 | D        | Reached skill level 10 in Fire Magic
  1400 | D        | Learned a level 3 spell: Ignite Poison
  1541 | D        | Gained mutation: Your spells are a little easier to cast, but a little less powerful. [evolution]
  1587 | D        | Killed a yaktaur
  1723 | D        | Offered knowledge of Fulminant Prism by Vehumet.
  1723 | D        | Reached skill level 1 in Poison Magic
  1726 | D        | Reached ***** piety under Vehumet
  1729 | D        | Reached XP level 10. HP: 58/58 MP: 16/31
  1729 | D        | Reached ****** piety under Vehumet
  1731 | D        | Reached skill level 10 in Conjurations
  1745 | D        | Reached skill level 16 in Spellcasting
  1992 | D        | Offered knowledge of Bolt of Cold by Vehumet.
  2000 | D        | Learned a level 6 spell: Bolt of Cold
  2076 | D        | Noticed a spiny frog
  2076 | D        | Noticed a spiny frog
  2078 | D        | Killed a spiny frog
  2078 | D        | Reached skill level 1 in Ice Magic
  2080 | D        | Killed a spiny frog
  2420 | D        | Offered knowledge of Freezing Cloud by Vehumet.
  2430 | D        | Learned a level 6 spell: Freezing Cloud
  2542 | D        | Noticed a lindwurm
  2545 | D        | Killed a lindwurm
  2545 | D        | Reached skill level 1 in Air Magic
  2642 | D        | Reached skill level 10 in Dodging
  2863 | D        | Noticed Urug
  2880 | D        | Slain by Urug

Vault maps used:
D:        dungeon_sprint_mu

Skill      XL: |  1  2  3  4  5  6  7  8  9 10 |
---------------+-------------------------------+-----
Spellcasting   | 6 8 10 12 13 14 15 16 | 16.9
Conjurations   | 3 4 5 7 8 9 10 | 10.7
Fire Magic     | 4 5 6 8 9 10 11 | 11.2
Fighting       | 2 3 4 5 6 |  6.5
Short Blades   | 3 4 5 6 7 |  7.9
Armour         | 2 3 4 5 6 |  6.7
Dodging        | 4 6 7 8 10 | 10.0
Earth Magic    | 3 4 6 7 8 |  8.9
Poison Magic   | 1 4 |  4.7
Ice Magic      | 3 |  3.1
Air Magic      | 1 |  1.3
Stealth        | |  2.4

Action                   |  1- 3 |  4- 6 |  7- 9 | 10-12 || total
-------------------------+-------+-------+-------+-------++-------
Melee: Dagger            |       |       |     2 |     1 ||     3
       Headbutt          |       |       |     1 |       ||     1
 Cast: Flame Tongue      |    10 |     8 |    44 |    20 ||    82
       Throw Flame       |     1 |     1 |       |       ||     2
       Conjure Flame     |       |     1 |     4 |     2 ||     7
       Sticky Flame      |       |     3 |     4 |     4 ||    11
       Inner Flame       |       |       |     7 |     3 ||    10
       Lee's Rapid Decon |       |       |     4 |       ||     4
       Fireball          |       |       |     7 |       ||     7
       Bolt of Cold      |       |       |       |    20 ||    20
       Freezing Cloud    |       |       |       |     1 ||     1
  Use: Potion            |       |     4 |       |     2 ||     6
       Scroll            |       |       |     3 |       ||     3
 Stab: Sleeping          |       |       |       |     1 ||     1
  Eat: Chunk             |       |       |     2 |       ||     2
       Royal jelly       |       |       |     1 |     4 ||     5
Armor: Leather armour    |       |     2 |     1 |       ||     3
Dodge: Dodged            |       |       |     3 |     8 ||    11

Table legend:
 A = Spawn XP
 B = Non-spawn XP
 C = Spawn XP percentage of total XP
 D = Spawn monster count
 E = Non-spawn monster count
 F = Spawn count percentage of total count
 G = Total turns spent on level
                    A         B        C        D         E        F      G
               +---------+---------+-------+---------+---------+-------+---------
         Total |       0 |   10966 |   0.0 |       0 |      68 |   0.0 |  2880
               +---------+---------+-------+---------+---------+-------+---------
             D |       0 |   10966 |   0.0 |       0 |      68 |   0.0 |  2880
               +---------+---------+-------+---------+---------+-------+---------
